 Dungeon Crawl Stone Soup version 0.23.0 (webtiles) character file.

Game seed: 4820213337832899308

10852 Meow the Covert (level 11, -8/94 HPs)
             Began as a Naga Ice Elementalist on Feb 16, 2019.
             Was a High Priest of Okawaru.
             Mangled by a great orb of eyes (14 damage)
             ... in an ice cave.
             The game lasted 00:50:51 (13229 turns).

Meow the Covert (Naga Ice Elementalist)            Turns: 13229, Time: 00:50:51

Health: -8/94      AC:  8    Str: 10    XL:     11   Next: 68%
Magic:  23/23      EV: 12    Int: 17    God:    Okawaru [*****.]
Gold:   691        SH:  4    Dex: 12    Spells: 5/26 levels left

rFire    + . .     SeeInvis +   a - +1 hand axe (flame)
rCold    . . .     Gourm    .   g - +0 buckler
rNeg     . . .     Faith    .   D - +2 robe {rF+}
rPois    +         Spirit   .   (no helmet)
rElec    .         Reflect  .   H - +1 cloak {+Inv}
rCorr    .         Harm     .   (no gloves)
MR       ++...                  (no barding)
Stlth    ++++......             u - amulet of regeneration
HPRegen  0.65/turn              j - +2 ring of evasion
MPRegen  0.18/turn              m - ring of protection from magic

@: very slightly contaminated, very slow
A: large, see invisible, deformed body, dopey 1, poison resistance, slowness 2,
slow metabolism 1, spit poison 1, AC +3
a: Spit Poison, Heroism, Finesse, Renounce Religion, Evoke Invisibility


You were in an ice cave.
You worshipped Okawaru.
Okawaru was extremely pleased with you.
You were not hungry.

You visited 3 branches of the dungeon, and saw 12 of its levels.
You also visited: Ice Cave.

You collected 691 gold pieces.

Inventory:

Hand Weapons
 a - a +1 hand axe of flaming (weapon)
 b - a +0 long sword of holy wrath
 d - a +0 spear
 n - a +0 dagger
 o - a +0 hand axe
Missiles
 f - 178 stones (quivered)
 h - 81 bolts
 p - 123 arrows
Armour
 g - a +0 buckler (worn)
 w - a scarf of resistance
 D - a +2 robe of fire resistance (worn)
 H - a +1 cloak of invisibility (worn)
Jewellery
 j - a +2 ring of evasion (left hand)
 m - a ring of protection from magic (right hand)
 u - an amulet of regeneration (around neck)
 x - an uncursed ring of wizardry {unknown}
 E - an uncursed ring of fire {unknown}
 I - a +4 ring of dexterity
 L - a +2 ring of protection {unknown}
Wands
 r - a wand of polymorph (3)
Scrolls
 e - 4 scrolls of remove curse
 v - 2 scrolls of fog
 y - 2 scrolls of noise
 C - a scroll of enchant weapon {unknown}
 F - a scroll of random uselessness
Potions
 i - 2 potions of agility
 k - 3 potions of haste
 l - 3 potions of curing
 q - 2 potions of invisibility
 s - a potion of might
 t - a potion of heal wounds
 K - a potion of berserk rage
Comestibles
 c - 10 rations


   Skills:
 - Level 5.0 Fighting
 - Level 1.5 Dodging
 - Level 10.0 Stealth
 - Level 2.4 Shields
 - Level 8.0 Spellcasting
 + Level 9.7 Conjurations
 - Level 8.0 Ice Magic
 - Level 8.0 Poison Magic


You had 5 spell levels left.
You knew the following spells:

 Your Spells              Type           Power        Failure   Level  Hunger
a - Freeze                Ice            ####         1%          1    None
b - Throw Frost           Conj/Ice       #####.       1%          2    None
c - Mephitic Cloud        Conj/Pois/Air  ####....     2%          3    #......
e - Ozocubu's Armour      Chrm/Ice       ###.....     6%          3    #......
f - Throw Icicle          Conj/Ice       #####...     2%          4    ###....
g - Venom Bolt            Conj/Pois      #####.....   8%          5    #####..
r - Regeneration          Chrm/Necr      #.........   30%         3    #......

Your spell library contained the following spells:

 Spells                   Type           Power        Failure   Level  Hunger
 Sting                    Conj/Pois      ####         1%          1    None
 Poisonous Vapours        Pois/Air       ###...       3%          2    None
 Olgreb's Toxic Radiance  Pois           ####....     3%          4    ###....
 Animate Skeleton         Necr           N/A          11%         1    None
 Pain                     Necr           #...         11%         1    None
 Summon Small Mammal      Summ           #...         11%         1    None
 Call Imp                 Summ           #.......     16%         2    None
 Summon Ice Beast         Ice/Summ       ###.....     21%         4    ###....
 Call Canine Familiar     Summ           #.......     30%         3    #......
 Summon Guardian Golem    Hex/Summ       #.......     30%         3    #......
 Vampiric Draining        Necr           #.........   30%         3    #......
 Animate Dead             Necr           N/A          71%         4    ###....
 Summon Lightning Spire   Summ/Air       #.......     71%         4    ###....


Dungeon Overview and Level Annotations

Branches:
Dungeon (10/15)            Temple (1/1) D:6            Lair (1/6) D:8
    Orc: D:9-12

Altars:
Ashenzari
Cheibriados
Dithmenos
Elyvilon
Fedhas
Gozag
Hepliaklqana
Kikubaaqudgha
Makhleb
Okawaru
Ru
Sif Muna
Trog
Uskayaw
Vehumet
Wu Jian
Xom
Yredelemnul
Zin
The Shining One

Shops:
D:7 [

Annotations:
D:4 3 runed translucent doors, TrashTierHero's ghost, amateur HuHu
D:5 Menkaure
D:6 Grinder


Innate Abilities, Weirdness & Mutations

You cannot wear boots.
Your serpentine skin is tough. (AC +3)
You have supernaturally acute eyesight. (SInv)
Armour fits poorly on your strangely shaped body.
Your system is resistant to poisons. (rPois)
You cover ground very slowly.
You have a slow metabolism.
You can spit poison.
You are dopey. (Int -2)


Message History

You barely miss the great orb of eyes.
The great orb of eyes is moderately wounded.
The great orb of eyes bites you.
* * * LOW HITPOINT WARNING * * *
The great orb of eyes gazes at you.
You easily resist.
You hit the great orb of eyes but do no damage.
The great orb of eyes is lightly wounded.
The great orb of eyes gazes at you.
You are blasted!
* * * LOW HITPOINT WARNING * * *
Unknown command.
Unknown command.
You hit the great orb of eyes. You burn the great orb of eyes.
The great orb of eyes is moderately wounded.
You block the great orb of eyes's attack.
You hit the great orb of eyes but do no damage.
The great orb of eyes is moderately wounded.
The great orb of eyes bites you!
You die...

# "==$..$$$$D.#....#.##
#..##$$$$$$$####.###..#
#.#≈######### ### ##..
##≈≈≈≈≈≈≈≈≈≈≈ ##.
##≈≈≈≈≈≈≈≈≈≈≈≈ ##
#≈≈≈≈≈≈≈≈≈≈# # #.##
#.G######## ###
#..@.#....######.##
###.##..#.#...#.#...##
##..##..#.####..#..#...
##..##..#### ###.#####.
#.#.#..## ### ##
##.##.### ###
#..#...###### ######..
##.##.#.#...####..##..#
#..##....#..#..#....##


You could see a great orb of eyes.

Vanquished Creatures
  Maurice (D:8)
  2 ice statues (IceCv)
  2 spiny frogs
  2 rime drakes (IceCv)
  2 komodo dragons (Lair:1)
  2 hippogriffs (D:9)
  A wyvern (D:10)
  17 yaks
  3 water moccasins
  A sky beast (D:9)
  22 ice beasts
  3 black bears
  3 centaurs
  5 ogres
  2 crocodiles (Lair:1)
  5 bullfrogs
  A gnoll sergeant (D:7)
  3 scorpions
  6 killer bees (D:8)
  4 howler monkeys
  5 crimson imps
  5 hounds
  A quasit (D:7)
  A gnoll shaman (D:5)
  An orc priest (D:3)
  2 bullfrog skeletons
  2 jellies
  4 orc wizards
  4 iguanas
  2 hell rats (D:7)
  5 worker ants
  A hound zombie (D:6)
  A hound skeleton (D:7)
  A howler monkey skeleton (D:10)
  2 worker ant zombies
  14 adders
  4 gnolls (D:5)
  10 river rats
  2 shadow imps
  3 worms
  2 dart slugs
  4 leopard geckos
  11 orcs
  4 ball pythons
  7 bats
  5 giant cockroaches
  9 goblins
  3 hobgoblins
  12 quokkas
  3 frilled lizards
  A giant cockroach zombie (D:5)
  5 kobolds
  A quokka zombie (D:7)
  18 rats
  A plant (Lair:1)
243 creatures vanquished.

Vanquished Creatures (others)
  A fungus (Lair:1)
  4 plants
5 creatures vanquished.

Grand Total: 248 creatures vanquished

Notes
Turn   | Place    | Note
-------+----------+-------------------------------------------
     0 | D:1      | Meow the Naga Ice Elementalist began the quest for the Orb.
     0 | D:1      | Reached XP level 1. HP: 15/15 MP: 3/3
   129 | D:1      | You fall through a shaft!
   171 | D:2      | Reached XP level 2. HP: 22/22 MP: 5/5
   541 | D:1      | Found a glowing golden altar of the Shining One.
   660 | D:1      | Reached XP level 3. HP: 28/28 MP: 6/6
   665 | D:1      | Learned a level 3 spell: Ozocubu's Armour
  1207 | D:2      | Learned a level 2 spell: Throw Frost
  1446 | D:2      | Reached skill level 4 in Stealth
  1590 | D:2      | Reached XP level 4. HP: 36/36 MP: 4/7
  1651 | D:2      | Reached skill level 1 in Shields
  2426 | D:3      | Reached XP level 5. HP: 40/42 MP: 5/9
  2470 | D:3      | Reached skill level 5 in Stealth
  2748 | D:4      | Noticed an ogre
  2797 | D:4      | Found a runed translucent gate.
  2797 | D:4      | Found a runed translucent gate.
  2797 | D:4      | Noticed an ogre
  2818 | D:4      | Learned a level 4 spell: Throw Icicle
  2934 | D:4      | Reached XP level 6. HP: 47/49 MP: 7/10
  3013 | D:5      | Entered Level 5 of the Dungeon
  3013 | D:5      | Noticed a black bear
  3021 | D:5      | Killed a black bear
  3021 | D:5      | Reached skill level 6 in Stealth
  3309 | D:5      | Reached XP level 7. HP: 55/55 MP: 3/12
  4011 | D:5      | Noticed a hungry ghost
  4280 | D:4      | Reached skill level 1 in Fighting
  4280 | D:4      | Reached skill level 7 in Stealth
  4280 | D:4      | Reached skill level 5 in Ice Magic
  4630 | D:4      | Found a runed translucent gate.
  4630 | D:4      | Noticed TrashTierHero's ghost (amateur HuHu)
  4693 | D:5      | Noticed Menkaure
  4750 | D:6      | Reached XP level 8. HP: 67/67 MP: 7/14
  5064 | D:6      | Found a staircase to the Ecumenical Temple.
  5070 | Temple   | Entered the Ecumenical Temple
  5255 | Temple   | Became a worshipper of Warmaster Okawaru
  5293 | D:6      | Found an ancient bone altar of Kikubaaqudgha.
  5324 | D:6      | Noticed a rime drake
  5324 | D:6      | an ogre changed into a rime drake
  5327 | D:6      | a rime drake changed into a warg
  5334 | D:6      | Reached skill level 8 in Stealth
  5555 | D:6      | Learned a level 3 spell: Mephitic Cloud
  5655 | D:6      | Noticed Grinder
  5663 | D:7      | Found Qamotoepp's Armour Boutique.
  5746 | D:7      | Reached skill level 5 in Spellcasting
  6025 | D:7      | Reached * piety under Okawaru
  6105 | D:7      | Reached skill level 9 in Stealth
  6444 | D:7      | Reached XP level 9. HP: 62/76 MP: 8/16
  7133 | D:8      | Learned a level 3 spell: Regeneration
  7470 | D:8      | Noticed Maurice
  7497 | D:8      | Reached ** piety under Okawaru
  7606 | D:8      | Killed Maurice
  7606 | D:8      | Reached skill level 10 in Stealth
  7716 | D:8      | Found a staircase to the Lair.
  7717 | D:8      | Noticed a komodo dragon
  7815 | D:8      | Found a radiant altar of Vehumet.
  7820 | D:8      | Reached skill level 5 in Conjurations
  7830 | D:8      | You fall through a shaft for 2 floors!
  7830 | D:10     | Entered Level 10 of the Dungeon
  7894 | D:9      | Reached skill level 1 in Poison Magic
  8033 | D:8      | Reached *** piety under Okawaru
  8033 | D:8      | Reached XP level 10. HP: 59/87 MP: 4/19
  8319 | D:7      | Reached skill level 5 in Fighting
  8320 | D:7      | Found an ancient bone altar of Kikubaaqudgha.
  8320 | D:7      | Found a shimmering altar of Xom.
  8324 | D:7      | Found a snail-covered altar of Cheibriados.
  9173 | D:9      | Reached **** piety under Okawaru
  9700 | D:9      | Found a shattered altar of Ashenzari.
  9866 | D:9      | Learned a level 5 spell: Venom Bolt
  9876 | D:9      | Found a bloodstained altar of Trog.
 10250 | Lair:1   | Entered Level 1 of the Lair of Beasts
 10250 | Lair:1   | Noticed a spiny frog
 10256 | D:8      | Killed a spiny frog
 10274 | Lair:1   | Reached skill level 5 in Poison Magic
 10278 | Lair:1   | Noticed a spiny frog
 10279 | Lair:1   | Reached ***** piety under Okawaru
 10279 | Lair:1   | Reached XP level 11. HP: 63/94 MP: 0/21
 10591 | Lair:1   | Found a frozen archway.
 10634 | IceCv    | Entered an ice cave
 11475 | IceCv    | Received a gift from Okawaru
 13064 | IceCv    | Noticed an ice dragon
 13110 | IceCv    | Noticed an ice dragon
 13111 | IceCv    | Found the ring of Robustness {AC+8}
 13164 | IceCv    | Gained mutation: You are dopey. (Int -2) [mutagenic glow]
 13218 | IceCv    | Noticed a great orb of eyes
 13218 | IceCv    | an ice dragon changed into a great orb of eyes
 13227 | IceCv    | HP: 4/94 [disintegration (2)]
 13229 | IceCv    | Mangled by a great orb of eyes

Skill      XL: |  1  2  3  4  5  6  7  8  9 10 11 |
---------------+----------------------------------+-----
Stealth        | 4 5 6 7 9 10 | 10.0
Shields        | 1 2 |  2.4
Spellcasting   | 3 4 5 6 7 8 |  8.0
Ice Magic      | 4 5 6 7 8 |  8.0
Fighting       | 2 3 4 5 |  5.0
Conjurations   | 2 5 8 9 |  9.7
Poison Magic   | 1 5 8 |  8.0
Dodging        | |  1.5

Action                   |  1- 3 |  4- 6 |  7- 9 | 10-12 || total
-------------------------+-------+-------+-------+-------++-------
Melee: Hand axe          |     1 |       |   132 |   196 ||   329
Throw: Stone             |    25 |    14 |    19 |    13 ||    71
 Cast: Freeze            |    18 |    35 |   115 |    41 ||   209
       Throw Frost       |       |     9 |    59 |     7 ||    75
       Ozocubu's Armour  |       |       |    11 |    17 ||    28
       Mephitic Cloud    |       |       |    10 |    10 ||    20
       Throw Icicle      |       |       |     7 |    97 ||   104
       Venom Bolt        |       |       |       |    14 ||    14
 Abil: Spit Poison       |    41 |    34 |    80 |    22 ||   177
       Evoke Invisibilit |       |       |       |     2 ||     2
Evoke: Wand              |       |       |     7 |    61 ||    68
  Use: Scroll            |     1 |     3 |       |    13 ||    17
       Potion            |       |       |       |     3 ||     3
 Stab: Confused          |       |       |       |     4 ||     4
  Eat: Chunk             |     4 |     7 |    12 |    13 ||    36
       Ration            |       |       |     2 |     5 ||     7
Armor: Robe              |     1 |       |    73 |   132 ||   206
Dodge: Dodged            |     9 |    19 |   147 |   166 ||   341
Block: Buckler           |       |       |    56 |    47 ||   103
